 Dungeon Crawl Stone Soup version 0.20.0-10-g0535bb4 (console) character file.

9552 jeanjacques the Fighter (level 11, -4/85 HPs)
             Began as an Octopode Berserker on June 5, 2017.
             Was a High Priest of Trog.
             Slain by a blink frog (14 damage)
             ... on level 1 of the Lair of Beasts.
             The game lasted 00:33:08 (8041 turns).

jeanjacques the Fighter (Octopode Berserker)        Turns: 8041, Time: 00:33:09

Health: -4/85      AC: 10    Str: 16    XL:     11   Next: 48%
Magic:  16/16      EV: 18    Int:  9    God:    Trog [*****.]
Gold:   379        SH:  5    Dex: 14    Spells: 10/10 levels left

rFire    + . .     SeeInvis .   a - +0 short sword (protect)
rCold    . . .     Gourm    .   T - +0 buckler
rNeg     . . .     Faith    .   (helmet restricted)
rPois    .         Spirit   .   E - amulet of magic regeneration
rElec    .         Reflect  .   s - ring of resist corrosion
rCorr    +         Harm     .   (no ring)
MR       ++...                  (no ring)
Stlth    +++.......             (no ring)
Regen    1.3/turn               (no ring)
MPRegen  0.3/turn               (no ring)
                                (no ring)
                                (no ring)

@: protection aura, regenerating
A: almost no armour, stealthy swim, amphibious, 8 rings, constrict 8, tentacle
spike 1, slimy green scales 1, camouflage 1, blurry vision 1, fire resistance 1,
weak 1, wild magic 1, gelatinous body 1, no potion heal 1
a: Berserk, Trog's Hand, Brothers in Arms, Burn Spellbooks, Renounce Religion


You were on level 1 of the Lair of Beasts.
You worshipped Trog.
Trog was extremely pleased with you.
You were near starving.

You visited 3 branches of the dungeon, and saw 13 of its levels.
You also visited: Sewer.

You collected 442 gold pieces.
You spent 63 gold pieces at shops.

Inventory:

Hand Weapons
 a - a +0 short sword of protection (weapon)
 b - a +2 hunting sling of velocity
 e - a +0 hand axe
 v - a +1 dagger of venom
 J - a +1 dire flail
 K - a +0 flail of protection
 P - a +2 dagger of speed
Missiles
 k - 171 stones (quivered)
 B - 52 sling bullets
Armour
 T - a +0 buckler (worn)
Jewellery
 s - a ring of resist corrosion (left tentacle)
 E - an amulet of magic regeneration (around mantle)
Wands
 c - a wand of random effects (20/48)
 t - a wand of polymorph (10/24)
 w - a wand of acid (5/15)
 L - a wand of flame (25/48)
 M - a wand of iceblast (11/15)
 N - a wand of lightning (10/15)
 O - a wand of lightning (11/15)
 S - a wand of lightning (10/15)
Scrolls
 d - 4 scrolls of fear
 i - 7 scrolls of remove curse
 l - 2 scrolls of enchant weapon
 n - 2 scrolls of enchant armour
 r - a scroll of immolation {!r}
 y - 3 scrolls of fog
 A - 6 scrolls of teleportation
 F - a scroll of vulnerability {unknown}
 H - a scroll of recharging
Potions
 g - a potion of berserk rage {unknown}
 m - 4 potions of curing
 p - 3 potions of haste
 q - a potion of might
 u - 4 potions of flight
 x - 4 potions of magic
 z - 3 potions of heal wounds
 C - a potion of cancellation {unknown}
 D - a potion of brilliance
 G - 2 potions of mutation {!q}
 I - a potion of agility
Comestibles
 f - 5 bread rations
 h - 5 meat rations
 j - 11 royal jellies


   Skills:
 + Level 12.0 Fighting
 - Level 5.1 Short Blades
 - Level 5.3 Axes
 - Level 1.9 Slings
 - Level 7.9 Dodging
 - Level 2.7 Stealth
 - Level 4.6 Shields
 + Level 6.8 Evocations


You had 10 spell levels left.
You didn't know any spells.

Dungeon Overview and Level Annotations

Branches:
Dungeon (11/15)            Temple (0/1) D:4            Lair (1/6) D:8
    Orc (1/2) D:10

Altars:
Ashenzari
Cheibriados
Fedhas
Kikubaaqudgha
Makhleb
Ru
Sif Muna
Trog
Uskayaw
Xom
Yredelemnul
Zin

Shops:
D:5 *[(!   D:10 ?[

Annotations:
D:3 Sayou's ghost, amateur TrFi


Innate Abilities, Weirdness & Mutations

You cannot wear most types of armour.
You are very stealthy in the water. (Stealth+)
You are amphibious.
You can wear up to eight rings at the same time.
You can use your tentacles to constrict eight enemies at once.
Your skin changes colour to match your surroundings (Stealth+).
Your rubbery body absorbs attacks. (AC +1, EV +1)
One of your tentacles bears a spike.
You are partially covered in slimy green scales. (AC +2)
Scrolls take you a little longer to read.
Your flesh is heat resistant. (rF+)
You are weak. (Str -2)
Your spells are a little harder to cast, but a little more powerful.
Potions are less effective at restoring your health.


Message History

You hit the hornet but do no damage.
You pierce the hornet, but do no damage.
The hornet is almost dead.
You feel yourself speed up.
You constrict the hornet. You block the hornet's attack.
The hornet completely misses you.
You closely miss the hornet.
The hornet is almost dead.
You constrict the hornet. The hornet stings you!
* * * LOW HITPOINT WARNING * * *
You feel yourself slow down.
The blink frog blinks!
You hit the hornet but do no damage. You squeeze the hornet.
You kill the hornet!
Trog accepts your kill.
You feel yourself speed up.
You swing at nothing.
All of the chunks of flesh in your inventory have rotted away.
You swing at nothing.
You swing at nothing.
You miss the blink frog.
The blink frog is moderately wounded.
The blink frog hits you.
* * * LOW HITPOINT WARNING * * *
The blink frog blinks!
Your skin crawls.
You feel resistant to hostile enchantments.
You are near starving!
The blink frog hits you.
* * * LOW HITPOINT WARNING * * *
You puncture the blink frog!
Your weapon exudes an aura of protection.
You grab the blink frog.
You pierce the blink frog, but do no damage.
The blink frog is heavily wounded.
You constrict the blink frog. The blink frog closely misses you.
You hit the blink frog. You squeeze the blink frog.
The blink frog is almost dead.
You constrict the blink frog. The blink frog hits you!
You die...

##..#<# ##...## #..
#.# #...# .. ...
#...# # .#.#.
######...# ...##l.
.........### ## #. #
..####.......###..#.#
#r ###
###.........$... #
##F.....#.....
#x#####....... ###
##P....


PP..P P.PP .PP rPP You could see a blink frog.

Vanquished Creatures
  A two-headed ogre (D:8)
  2 spiny frogs (Lair:1)
  A komodo dragon (D:8)
  A troll (D:10)
  A queen bee (D:8)
  2 hornets
  Prince Ribbit (D:8)
  4 blink frogs (Lair:1)
  4 yaks (Lair:1)
  Eustachio (D:5)
  A wyvern (D:10)
  A basilisk (Lair:1)
  A hungry ghost (D:10)
  3 porcupines (Lair:1)
  A water moccasin (Lair:1)
  A black bear (D:8)
  3 sky beasts
  2 phantoms (D:8)
  3 orc warriors
  2 ogres
  4 centaurs
  3 wolves (Lair:1)
  A crocodile (D:8)
  A big kobold (Sewer)
  6 bullfrogs
  Blork the orc (D:6)
  A water moccasin zombie (D:10)
  3 scorpions
  12 killer bees
  5 wights (D:10)
  2 howler monkeys (D:6)
  5 crimson imps
  A bullfrog zombie (D:9)
  An iron imp (D:6)
  4 hounds
  5 orc priests
  A jelly (D:10)
  9 orc wizards
  Ijyb (D:4)
  5 worker ants
  A hound skeleton (D:8)
  A worker ant zombie (D:5)
  6 gnolls
  18 adders
  A howler monkey skeleton (D:8)
  A river rat (Sewer)
  2 shadow imps (D:10)
  4 oozes
  An adder zombie (D:5)
  An adder skeleton (D:7)
  7 worms
  3 leopard geckos
  27 orcs
  10 ball pythons
  5 bats
  7 giant cockroaches
  9 goblins
  6 hobgoblins
  2 jackals (D:6)
  11 kobolds
  4 quokkas
  3 frilled lizards
  8 rats
  A spectral orc (D:6)
  A plant (D:8)
247 creatures vanquished.

Vanquished Creatures (collateral kills)
  2 yaks (Lair:1)
  A water moccasin (Lair:1)
3 creatures vanquished.

Vanquished Creatures (others)
  Sigmund (D:6)
  An orc (D:10)
  4 fungi (Lair:1)
  A plant (Lair:1)
7 creatures vanquished.

Grand Total: 257 creatures vanquished

Notes
Turn   | Place    | Note
-------+----------+-------------------------------------------
     0 | D:1      | jeanjacques the Octopode Berserker began the quest for the Orb.
     0 | D:1      | Reached XP level 1. HP: 16/16 MP: 1/1
     3 | D:1      | Noticed an electric eel
     3 | D:1      | Noticed an electric eel
    44 | D:1      | Reached skill level 1 in Stealth
    44 | D:1      | Reached XP level 2. HP: 21/21 MP: 2/2
   282 | D:1      | You fall through a shaft!
   397 | D:2      | Reached XP level 3. HP: 25/26 MP: 3/3
   417 | D:2      | Reached skill level 4 in Axes
   509 | D:3      | Found a deep blue altar of Sif Muna.
   510 | D:3      | Noticed Sayou's ghost (amateur TrFi)
   536 | D:3      | Reached ** piety under Trog
   682 | D:3      | Found a shattered altar of Ashenzari.
   748 | D:3      | Gained mutation: Your spells are a little harder to cast, but a little more powerful. [potion of mutation]
   748 | D:3      | Gained mutation: You are weak. (Str -2) [potion of mutation]
   748 | D:3      | Gained mutation: Scrolls take you a little longer to read. [potion of mutation]
   748 | D:3      | Gained mutation: You are partially covered in slimy green scales. (AC +2) [potion of mutation]
   862 | D:2      | Reached XP level 4. HP: 31/31 MP: 4/4
  1351 | D:4      | Reached skill level 1 in Slings
  1444 | D:4      | Noticed Ijyb
  1448 | D:4      | Reached XP level 5. HP: 36/36 MP: 5/5
  1449 | D:4      | Killed Ijyb
  1449 | D:4      | Reached skill level 5 in Axes
  1595 | D:4      | Found an ancient bone altar of Kikubaaqudgha.
  1638 | D:4      | You fall through a shaft for 3 floors!
  1705 | D:7      | Found a hide-covered altar of Uskayaw.
  1724 | D:7      | Noticed an ice beast
  1740 | D:6      | Noticed a sky beast
  1749 | D:6      | Killed a sky beast
  1749 | D:6      | Reached skill level 4 in Fighting
  1749 | D:6      | Reached XP level 6. HP: 45/45 MP: 6/6
  1755 | D:6      | Gained mutation: Potions are less effective at restoring your health. [mutagenic meat]
  1756 | D:6      | Gained mutation: One of your tentacles bears a spike. [mutagenic meat]
  1841 | D:6      | Noticed Sigmund
  1848 | D:6      | Killed Sigmund
  1848 | D:6      | Reached skill level 5 in Fighting
  1865 | D:6      | Reached XP level 7. HP: 27/51 MP: 7/7
  1869 | D:6      | Reached skill level 6 in Fighting
  1910 | D:6      | Noticed Blork the orc
  1920 | D:6      | Killed Blork the orc
  2022 | D:6      | Found a snail-covered altar of Cheibriados.
  2260 | D:6      | Reached *** piety under Trog
  2260 | D:6      | Reached skill level 7 in Fighting
  2524 | D:5      | Entered Level 5 of the Dungeon
  2524 | D:5      | Found a burning altar of Makhleb.
  2550 | D:5      | Found a glowing drain.
  2575 | Sewer    | Entered a sewer
  2896 | D:5      | Reached XP level 8. HP: 41/61 MP: 8/8
  2904 | D:5      | Reached skill level 8 in Fighting
  2917 | D:5      | Found Alimn's Antique Armour Emporium.
  3016 | D:5      | Found Soker's Weapon Boutique.
  3303 | D:4      | Reached skill level 9 in Fighting
  3305 | D:4      | Reached **** piety under Trog
  3483 | D:4      | Found a staircase to the Ecumenical Temple.
  3602 | D:5      | Noticed Eustachio
  3627 | D:5      | Killed Eustachio
  3627 | D:5      | Reached skill level 1 in Evocations
  3637 | D:5      | Found Tiqin's Distillery.
  3708 | D:5      | Found a sacrificial altar of Ru.
  3739 | D:5      | Found Putog's General Store.
  3747 | D:5      | Bought a potion of agility for 44 gold pieces
  3940 | D:6      | Reached skill level 4 in Dodging
  4176 | D:6      | Found a basalt altar of Yredelemnul.
  4305 | D:8      | Noticed a queen bee
  4339 | D:8      | Reached skill level 1 in Short Blades
  4339 | D:8      | Reached XP level 9. HP: 65/69 MP: 10/10
  4372 | D:8      | Found a blossoming altar of Fedhas.
  4397 | D:8      | Reached skill level 2 in Short Blades
  4401 | D:8      | Found a staircase to the Lair.
  4411 | D:8      | Noticed a komodo dragon
  4539 | D:8      | Noticed Prince Ribbit
  4546 | D:8      | Killed Prince Ribbit
  4546 | D:8      | Reached skill level 5 in Dodging
  4549 | D:8      | Reached skill level 10 in Fighting
  4578 | D:7      | Reached skill level 3 in Short Blades
  5252 | D:9      | Gained mutation: Your flesh is heat resistant. (rF+) [mutagenic meat]
  5285 | D:9      | Reached skill level 2 in Stealth
  5285 | D:9      | Reached skill level 2 in Evocations
  5416 | D:9      | Found a bloodstained altar of Trog.
  5458 | D:10     | Entered Level 10 of the Dungeon
  5458 | D:10     | Noticed a hornet
  5593 | D:8      | Reached skill level 6 in Dodging
  5737 | D:8      | Found a glowing silver altar of Zin.
  5808 | D:8      | Killed a queen bee
  5808 | D:8      | Reached skill level 4 in Short Blades
  5808 | D:8      | Reached skill level 3 in Evocations
  5808 | D:8      | Reached XP level 10. HP: 59/77 MP: 12/12
  6087 | D:8      | Noticed a two-headed ogre
  6099 | D:8      | Reached ***** piety under Trog
  6105 | D:8      | Killed a two-headed ogre
  6105 | D:8      | Reached skill level 7 in Dodging
  6121 | D:8      | Reached skill level 11 in Fighting
  6275 | D:10     | Found a staircase to the Orcish Mines.
  6283 | D:10     | Found a shattered altar of Ashenzari.
  6290 | D:10     | Found Xuupol's Magic Scroll Emporium.
  6333 | Orc:1    | Entered Level 1 of the Orcish Mines
  6348 | D:10     | Reached skill level 4 in Evocations
  6607 | D:10     | Reached skill level 5 in Short Blades
  6714 | D:10     | Found Nikokh's Armour Boutique.
  6728 | D:10     | Bought a cursed +0 buckler for 19 gold pieces
  6814 | D:10     | Reached skill level 1 in Shields
  7007 | D:10     | Received a gift from Trog
  7036 | D:10     | Reached skill level 2 in Shields
  7120 | D:11     | Noticed a green ugly thing
  7161 | D:11     | Noticed a two-headed ogre
  7161 | D:11     | Noticed a cyclops
  7344 | Orc:1    | Noticed an orc high priest
  7349 | Orc:1    | Reached skill level 3 in Shields
  7352 | Orc:1    | Noticed a smoke demon
  7444 | D:8      | Reached skill level 4 in Shields
  7456 | D:8      | Found a shimmering altar of Xom.
  7570 | Lair:1   | Entered Level 1 of the Lair of Beasts
  7570 | Lair:1   | Noticed a spiny frog
  7577 | Lair:1   | Reached XP level 11. HP: 30/83 MP: 14/14
  7626 | Lair:1   | Received a gift from Trog
  7626 | Lair:1   | Reached skill level 5 in Evocations
  7974 | Lair:1   | Reached skill level 6 in Evocations
  7998 | Lair:1   | Reached skill level 12 in Fighting
  8035 | Lair:1   | HP: 8/85 [blink frog (6)]
  8041 | Lair:1   | Slain by a blink frog

Skill      XL: |  1  2  3  4  5  6  7  8  9 10 11 |
---------------+----------------------------------+-----
Stealth        | 1 2 |  2.7
Axes           | 4 5 |  5.3
Slings         | 1 |  1.9
Fighting       | 4 5 7 9 10 11 12 | 12.0
Evocations     | 1 3 4 6 |  6.8
Dodging        | 4 6 7 |  7.9
Short Blades   | 1 4 5 |  5.1
Shields        | 4 |  4.6

Action                   |  1- 3 |  4- 6 |  7- 9 | 10-12 || total
-------------------------+-------+-------+-------+-------++-------
Melee: Hand axe          |    55 |    41 |    63 |       ||   159
       Constrict         |    18 |    13 |    85 |    55 ||   171
       Tentacles         |    12 |     6 |    91 |    95 ||   204
       Dagger            |       |    14 |    12 |       ||    26
       Kick              |       |     3 |   140 |   149 ||   292
       Short sword       |       |       |   294 |   350 ||   644
 Fire: Hunting sling     |     3 |     9 |     4 |       ||    16
Throw: Throwing net      |     1 |       |       |       ||     1
Invok: Berserk           |     2 |     3 |     5 |     7 ||    17
       Trog's Hand       |       |       |     1 |     7 ||     8
       Burn Spellbooks   |       |       |       |     2 ||     2
       Brothers in Arms  |       |       |       |     1 ||     1
Evoke: Wand              |       |       |     3 |     1 ||     4
  Use: Scroll            |     5 |     9 |     6 |     7 ||    27
       Potion            |     2 |     1 |     1 |     1 ||     5
 Stab: Sleeping          |     5 |     3 |     7 |     6 ||    21
       Paralysed         |       |       |     3 |       ||     3
       Distracted        |       |       |     3 |       ||     3
  Eat: Chunk             |     2 |     9 |    20 |     9 ||    40
       Bread ration      |       |       |       |     2 ||     2
Armor: Skin              |     3 |     8 |    97 |    58 ||   166
Dodge: Dodged            |    34 |    41 |   264 |   201 ||   540
Block: Buckler           |       |       |       |    39 ||    39

Table legend:
 A = Turns spent in this place as a percentage of turns spent in the entire game.
 B = Non-inter-level travel turns spent in this place as a percentage of non-inter-level travel turns spent in the entire game.
 C = Inter-level travel turns spent in this place as a percentage of turns spent in this place.
 D = Turns resting spent in this place as a percentage of non-inter-level travel turns spent in this place.
 E = Turns spent auto-exploring this place as a percentage of non-inter-level travel turns spent in this place.
 F = Non-inter-level travel turns spent in this place divided by the number of levels of this place that you've seen.
                   A       B       C       D       E      F
               +-------+-------+-------+-------+-------+----------------------
         Total | 100.0 | 100.0 |   0.7 |   0.8 |   6.2 | 241.8
       Dungeon |  86.0 |  85.9 |   0.8 |   0.5 |   6.6 | 264.4
          Lair |   8.4 |   8.5 |   0.0 |   4.2 |   0.0 | 288.0
  Orcish Mines |   0.6 |   0.6 |   0.0 |   0.0 |   0.0 |  21.0
         Sewer |   4.9 |   5.0 |   0.0 |   0.0 |  10.1 | 168.0
               +-------+-------+-------+-------+-------+----------------------

Table legend:
 A = Kills in this place as a percentage of kills in entire the game.
 B = Kills by you in this place as a percentage of kills by you in the entire game.
 C = Kills by friends in this place as a percentage of kills by friends in the entire game.
 D = Other kills in this place as a percentage of other kills in the entire game.
 E = Experience gained in this place as a percentage of experience gained in the entire game.
 F = Experience gained in this place divided by the number of levels of this place that you have seen.
                   A       B       C       D       E      F
               +-------+-------+-------+-------+-------+----------------------
         Total | 100.0 | 100.0 | 100.0 | 100.0 | 100.0 | 974.7
       Dungeon |  80.0 |  80.9 |   0.0 | 100.0 |  64.1 | 795.7
          Lair |  10.8 |   9.8 | 100.0 |   0.0 |  32.6 | 4452.0
  Orcish Mines |   1.2 |   1.2 |   0.0 |   0.0 |   2.0 | 278.0
         Sewer |   8.0 |   8.1 |   0.0 |   0.0 |   1.2 | 163.0
               +-------+-------+-------+-------+-------+----------------------

Vault maps used:
D:1:      arrival_aquarium_b
D:2:      mumra_celtic_spiral_tile, first_bread
D:3:      ashenzari_conservatory_becter, old_standard_altar
D:4:      kennysheep_the_goblin_king, kiku_gazebo_pond_becter,
          minmay_temple_entry_fiery
D:5:      lemuel_doored_altar, overflow_temple_1_default,
          cheibrodos_sewer_entry_sluice, serial_shops, shop, nicolae_shop_trees,
          nicolae_shop_crystal, shop, small_statue_intersection, uniq_eustachio,
          uniq_ijyb
D:6:      yredelemnul_forgotten_temple_becter, slow_altar_2, uniq_sigmund,
          uniq_blork_the_orc
D:7:      nicolae_overflow_crystal_walls, kennysheep_mini
D:8:      zin_academy, fedhas_altar_1, david_lair_shrubbed, david_nohive_1,
          tgw_xom, uniq_prince_ribbit1
D:9:      kennysheep_little_box
D:10:     orc_0_dummy, serial_shops, shop, shop_scrolls, ashenzari_altar_1
D:11:     serial_shops, shop, st_stairs_6, lemuel_angel_altar
Lair:1:   minmay_lair_venomous_thicket, serial_bayou_pond_e
Sewer:    sewer_co_15_rooms

Action                   |  1- 3 |  4- 6 |  7- 9 | 10-12 || total
-------------------------+-------+-------+-------+-------++-------
Melee: Hand axe          |    55 |    41 |    63 |       ||   159
       Constrict         |    18 |    13 |    85 |    55 ||   171
       Tentacles         |    12 |     6 |    91 |    95 ||   204
       Dagger            |       |    14 |    12 |       ||    26
       Kick              |       |     3 |   140 |   149 ||   292
       Short sword       |       |       |   294 |   350 ||   644
 Fire: Hunting sling     |     3 |     9 |     4 |       ||    16
Throw: Throwing net      |     1 |       |       |       ||     1
Invok: Berserk           |     2 |     3 |     5 |     7 ||    17
       Trog's Hand       |       |       |     1 |     7 ||     8
       Burn Spellbooks   |       |       |       |     2 ||     2
       Brothers in Arms  |       |       |       |     1 ||     1
Evoke: Wand              |       |       |     3 |     1 ||     4
  Use: Scroll            |     5 |     9 |     6 |     7 ||    27
       Potion            |     2 |     1 |     1 |     1 ||     5
 Stab: Sleeping          |     5 |     3 |     7 |     6 ||    21
       Paralysed         |       |       |     3 |       ||     3
       Distracted        |       |       |     3 |       ||     3
  Eat: Chunk             |     2 |     9 |    20 |     9 ||    40
       Bread ration      |       |       |       |     2 ||     2
Armor: Skin              |     3 |     8 |    97 |    58 ||   166
Dodge: Dodged            |    34 |    41 |   264 |   201 ||   540
Block: Buckler           |       |       |       |    39 ||    39
